 Dungeon Crawl Stone Soup version 0.21-a0-498-g1b60429 (webtiles) character file.

720033 Gorice the Demonic Blade (level 27, -2/219 HPs)
             Began as a Demonspawn Wanderer on Nov 18, 2017.
             Was the Champion of Qazlal.
             Slain by a quicksilver dragon (16 damage)
             ... on level 2 of the Realm of Zot on Nov 24, 2017.
             The game lasted 07:43:17 (87997 turns).

Gorice the Demonic Blade (Demonspawn Wanderer)     Turns: 87997, Time: 07:43:18

Health: -2/219     AC: 38    Str: 22    XL:     27
Magic:  34/37      EV: 31    Int: 16    God:    Qazlal [******]
Gold:   7324       SH:  8    Dex: 33    Spells: 33/46 levels left

rFire    + . .     SeeInvis +   a - +4 great sword "Ogrebane" {freeze, +Blink rElec rPois Stlth-}
rCold    + . .     Gourm    .   (shield currently unavailable)
rNeg     + . .     Faith    .   q - +5 gold dragon scales
rPois    +         Spirit   .   (helmet unavailable)
rElec    +         Reflect  .   y - +2 cloak {MR+}
rCorr    .         Harm     .   c - +2 pair of gloves {Dex+3}
MR       ++++.                  P - +2 pair of boots
Stlth    ..........             i - amulet of the Kraken {rPois Regen+ Dex+8}
HPRegen  1.86/turn              E - ring of Phasing {EV+8}
MPRegen  0.25/turn              e - ring "Bureotil" {rN+ MR+ EV+5 Int+2 Stlth+}

@: protected from physical damage, very slightly contaminated, regenerating,
repel missiles
A: antennae 3, thin skeletal structure 3, deformed body, mutation resistance 1,
powered by pain 3, spiny 3, augmentation 3
}: 4/15 runes: decaying, serpentine, slimy, silver
a: Upheaval, Elemental Force, Disaster Area, Renounce Religion, Evoke Blink


You were on level 2 of the Realm of Zot.
You worshipped Qazlal.
Qazlal was exalted by your worship.
You were not hungry.

You visited 12 branches of the dungeon, and saw 55 of its levels.
You visited the Abyss 2 times.
You also visited: Ossuary, Ice Cave and Wizlab.

You collected 11223 gold pieces.
You spent 3899 gold pieces at shops.

Inventory:

Hand Weapons
 a - the +4 great sword "Ogrebane" (weapon) {freeze, +Blink rElec rPois Stlth-}
   (You found it on level 6 of the Lair of Beasts)

   It has been specially enchanted to freeze those struck by it, causing extra
   injury to most foes and up to half again as much damage against particularly
   susceptible opponents.
   It can also slow down cold-blooded creatures.
   It insulates you from electricity.
   It protects you from poison.
   It lets you blink.
   It makes you less stealthy.
 b - a +9 triple sword of freezing
   (You took it off a naga ritualist on level 4 of the Snake Pit)
 B - a +9 blowgun
Missiles
 d - 18 curare-tipped needles
 s - 8 poisoned javelins (quivered)
 Z - 8 throwing nets
Armour
 c - a +2 pair of gloves of dexterity (worn)
   (You bought it in a shop on level 4 of the Depths)
 q - +5 gold dragon scales (worn)
 y - a +2 cloak of magic resistance (worn)
   (You found it on level 3 of the Elven Halls)
 P - a +2 pair of boots (worn)
Jewellery
 e - the ring "Bureotil" (right hand) {rN+ MR+ EV+5 Int+2 Stlth+}
   (You found it on level 3 of the Elven Halls)

   [ring of evasion]

   It affects your evasion (+5).
   It affects your intelligence (+2).
   It protects you from negative energy.
   It affects your resistance to hostile enchantments.
   It makes you more stealthy.
 i - the amulet of the Kraken (around neck) {rPois Regen+ Dex+8}
   (You took it off a deep elf demonologist on level 3 of the Elven Halls)

   [amulet of regeneration]

   It affects your dexterity (+8).
   It protects you from poison.
   It increases your rate of regeneration.
 C - the ring "Catsot" {rCorr rF+ MR+ Str+3 Dex+3}
   (You bought it in a shop on level 1 of the Depths)

   [ring of resist corrosion]

   It affects your strength (+3).
   It affects your dexterity (+3).
   It protects you from fire.
   It affects your resistance to hostile enchantments.
 E - the ring of Phasing (left hand) {EV+8}
   (You took it off a deep elf high priest on level 3 of the Elven Halls)

   [ring of evasion]

   It affects your evasion (+8).
 F - the ring of Equivalence {+Fly rF+ rC+ Int+5 Dex-2}
   (You took it off a deep elf blademaster on level 3 of the Elven Halls)

   [ring of intelligence]

   It affects your intelligence (+5).
   It affects your dexterity (-2).
   It protects you from fire.
   It protects you from cold.
   It lets you fly.
Wands
 l - a wand of disintegration (14)
 n - a wand of clouds (13)
 J - a wand of scattershot (15)
 Q - a wand of acid (38)
 V - a wand of digging (28)
 Y - a wand of paralysis (14)
Scrolls
 k - 2 scrolls of magic mapping {!r}
 t - 37 scrolls of remove curse
 w - 2 scrolls of fear {!r}
 x - 16 scrolls of teleportation {!r}
 z - 15 scrolls of fog
 H - 13 scrolls of identify
 I - 3 scrolls of blinking
 M - 2 scrolls of silence {!r}
Potions
 f - 7 potions of mutation {!q}
 h - 4 potions of resistance {!q}
 j - 6 potions of agility {!q}
 m - 8 potions of might {!q}
 p - 2 potions of heal wounds {!q}
 r - 3 potions of magic {!q}
 u - 3 potions of haste {!q}
 A - 26 potions of curing
 G - 8 potions of cancellation {!q}
 N - 6 potions of brilliance {!q}
Miscellaneous
 K - a phantom mirror
 U - 2 boxes of beasts
 X - 3 sacks of spiders
Comestibles
 o - 6 chunks of flesh
 v - 26 meat rations {!e}


   Skills:
 - Level 18.6 Fighting
 + Level 22.7 Long Blades
   Level 1.0 Polearms
 - Level 1.0 Throwing
 - Level 22.1 Armour
 - Level 16.0 Dodging
   Level 1.0 Shields
 - Level 10.0 Spellcasting
 - Level 10.0 Charms
 - Level 10.0 Summonings
 - Level 12.0 Necromancy
 - Level 10.1 Translocations
 - Level 9.0 Air Magic
 + Level 18.2 Invocations
 - Level 12.0 Evocations


You had 33 spell levels left.
You knew the following spells:

 Your Spells              Type           Power        Failure   Level  Hunger
d - Vampiric Draining     Necr           #####.....   3%          3    None
s - Animate Skeleton      Necr           N/A          1%          1    None
A - Apportation           Tloc           #####.       2%          1    None
B - Summon Butterflies    Summ           #####...     2%          1    None
J - Blink                 Tloc           N/A          3%          2    None
R - Regeneration          Chrm/Necr      #####.....   4%          3    None
S - Swiftness             Chrm/Air       #####...     4%          2    None


Dungeon Overview and Level Annotations

Branches:
Dungeon (15/15)            Temple (1/1) D:7            Lair (6/6) D:8
  Swamp (4/4) Lair:3        Snake (4/4) Lair:2        Slime (5/5) Lair:5
    Orc (2/2) D:9             Elf (3/3) Orc:2        Vaults (5/5) D:14
  Crypt (3/3) Vaults:2       Tomb (0/3) Crypt:3      Depths (5/5) D:15
    Zot (2/5) Depths:5

Altars:
Ashenzari
Cheibriados
Dithmenos
Elyvilon
Fedhas
Gozag
Hepliaklqana
Kikubaaqudgha
Makhleb
Nemelex Xobeh
Okawaru
Qazlal
Ru
Sif Muna
Trog
Uskayaw
Vehumet
Wu Jian
Xom
Yredelemnul
Zin
The Shining One
Jiyva

Shops:
D:5 *   D:6 *   D:7 :   D:8 (   Orc:2 !}}%   Elf:2 [   Elf:3 %   Snake:2 *
Vaults:1 [=[   Vaults:3 ?   Vaults:4 [   Vaults:5 =   Depths:1 =}=   Depths:3 :
Depths:4 *[(   Depths:5 =*

Portals:
Hell: Lair:6 Depths:1 Depths:2 Depths:3 Depths:4 Depths:5
Abyss: Depths:2 Depths:4 Depths:5
Pandemonium: Depths:1 Depths:3
Ziggurat: Depths:1

Annotations:
D:14 exclusion: Roxanne, Roxanne


Innate Abilities, Weirdness & Mutations

You have a pair of large antennae on your head. (SInv)
You have an unnaturally thin skeletal structure. (Dex +6, Stealth++)
You are powered by pain.
You are completely covered in sharp spines.
Your magical and physical power is greatly enhanced at high health.
Armour fits poorly on your strangely shaped body.
You are somewhat resistant to further mutation.


Message History

The quicksilver dragon goes berserk!
A tentacled monstrosity comes into view.
Unknown command.
Unknown command.
A red draconian comes into view. It is wielding a war axe.
You feel sick.
You are no longer poisoned.
The red draconian roars!
The quicksilver dragon is engulfed in blazing flames.
The quicksilver dragon misses you. x2
The purple draconian is engulfed in freezing vapours.
The purple draconian seems to slow down.
The quicksilver dragon is engulfed in blazing flames.
The quicksilver dragon is struck by your spines.
The quicksilver dragon bites you.
* * * LOW HITPOINT WARNING * * *
You feel more protected from physical attacks.
The quicksilver dragon closely misses you.
The golden dragon breathes fire at you. The bolt of fire misses you.
The bolt of fire hits the purple draconian.
The purple draconian dies!
The quicksilver dragon is engulfed in blazing flames.
The quicksilver dragon bites you!
* * * LOW HITPOINT WARNING * * *
The quicksilver dragon claws you!!
* * * LOW HITPOINT WARNING * * *
You feel more protected from physical attacks.
Damage: 36 (max 43) Unknown command.
Unknown command.
Unknown command.
Unknown command.
Unknown command.
Unknown command.
Unknown command.
Unknown command.
Really read
g - a scroll of summoning {!r}?
As you read the scroll of summoning {!r}, it crumbles to dust.
Wisps of shadow whirl around you...
The quicksilver dragon is engulfed in blazing flames.
You block the quicksilver dragon's attack.
The quicksilver dragon claws you but does no damage.
The yellow draconian completely misses you.
The quicksilver dragon is engulfed in blazing flames.
The quicksilver dragon bites you!
* * * LOW HITPOINT WARNING * * *
You feel more protected from physical attacks.
The quicksilver dragon claws you!
You die...

#..#..###)).
#......###)#
.#..#....#...
..##...#....#.
..###'###..... #.#
###..#. #.# ###...
###########.# ##'#
d.d.D..@.)§.#
##...
#######§Dd).##
###{.#.
#zyy...#####.#....
######..X.)#.#....
#####[#.##§d.
##.#.###)#
#..[.#....
#.#)#...).
#.#...####


You could see a tentacled monstrosity, a golden dragon, a yellow draconian, a
red draconian, a white draconian, a quicksilver dragon (berserk), a moth of
wrath, a friendly death cob and a friendly moth of wrath.

Vanquished Creatures
  the Royal Jelly (Slime:5)
  Mennas (Depths:3)
  A juggernaut (Depths:1)
  2 ancient liches
  Sojobo (Depths:2)
  2 Killer Klowns (Zot:2)
  the Lernaean hydra (Swamp:4)
  Saint Roka (Vaults:5)
  Xtahua (Depths:3)
  8 caustic shrikes
  3 golden dragons
  the Enchantress (Depths:3)
  A profane servitor (Abyss:3)
  Nikola (Elf:2)
  2 bone dragons (Crypt:3)
  An electric golem (Zot:2)
  Jorgrun (Swamp:4)
  Rupert (D:14)
  8 liches
  12 tentacled monstrosities
  5 titans
  Asterion (Vaults:3)
  3 deep elf blademasters
  2 deep elf master archers (Elf:3)
  6 tentacled starspawn
  9 quicksilver dragons
  7 ancient champions
  13 acid blobs
  4 death cobs (Zot:1)
  11 sphinxes
  Frances (D:14)
  A thorn hunter (Swamp:3)
  The ghost of kiturien the Peltast, an adept MiFi of Wu Jian (Elf:3)
  10 tengu reavers
  15 nagarajas
  3 shadow dragons
  Kirke (Lair:3)
  8 storm dragons
  11 azure jellies
  A daeva (Depths:1)
  A draconian monk (Zot:2)
  17 fire giants
  3 draconian knights
  14 vault wardens
  An iron dragon (Depths:4)
  2 draconian scorchers
  6 deep elf sorcerers
  A balrug (Depths:2)
  16 frost giants
  Louise (Swamp:4)
  2 curse skulls (Crypt:1)
  9 deep elf elementalists
  4 draconian stormcallers (Zot:2)
  3 spriggan defenders (Depths:3)
  2 angels (Depths:1)
  Aizul (Snake:3)
  5 draconian shifters
  3 ghouls (Crypt:1)
  5 draconian annihilators
  11 ironheart preservers
  21 very ugly things
  A war gargoyle (Vaults:5)
  27 stone giants
  An entropy weaver (Vaults:3)
  3 green draconians (Zot:2)
  14 vampire knights
  6 white draconians
  11 deep elf demonologists
  A yellow draconian (Zot:2)
  A lorocyproca (Depths:3)
  8 deep elf annihilators
  9 red draconians
  7 black draconians
  An orange crystal statue (WizLab)
  4 spark wasps (Depths:3)
  17 purple draconians
  4 death oozes (Slime:5)
  7 eidola
  11 deep elf death magi
  19 ettins
  20 fire dragons
  16 jiangshi
  10 great orbs of eyes
  18 yaktaur captains
  Harold (Orc:1)
  19 ice dragons
  8 deep elf high priests
  5 rakshasas
  35 vault guards
  4 ghost crabs
  29 naga warriors
  28 hydras
  5 spriggan air magi
  The ghost of wintastic the Slinger, a journeyman HaHu of Trog (D:10)
  5 anacondas
  6 centaur warriors
  78 two-headed ogres
  2 catoblepae
  6 alligators
  5 deep troll shamans
  27 ogre magi
  4 hell hogs (Abyss:3)
  12 vampire magi
  A death yak (Lair:4)
  32 dancing weapons
  12 tengu warriors
  5 thrashing horrors
  6 shock serpents
  5 spriggan berserkers
  3 orc high priests (Orc:2)
  14 deep troll earth magi
  3 sun demons
  A shock serpent (shapeshifter) (Vaults:3)
  14 naga sharpshooters
  A soul eater (Crypt:2)
  A titan skeleton (Crypt:3)
  4 salamander mystics
  19 deep elf knights
  2 hell knights
  47 skeletal warriors
  A sixfirhy (Abyss:3)
  6 wretched stars
  3 iron trolls
  A fire crab (shapeshifter) (Vaults:3)
  2 storm dragon skeletons (Crypt:3)
  3 unseen horrors
  10 swamp dragons
  2 death drakes (shapeshifter)
  A shadow wraith (Vaults:4)
  37 deep trolls
  An iron giant zombie (Crypt:1)
  2 spriggan druids
  5 shambling mangroves
  2 glowing orange brains
  8 naga ritualists
  32 starcursed masses (Abyss:5)
  9 phantasmal warriors
  11 ironbrand convokers
  An obsidian statue (Vaults:4)
  4 wizards
  Pikel (D:9)
  21 deep elf archers
  11 orc knights
  2 wolf spider zombies
  An anaconda skeleton (Crypt:3)
  6 mana vipers
  8 oklob plants
  3 necromancers
  A frost giant zombie (Vaults:4)
  A sphinx zombie (Depths:4)
  6 orc sorcerers
  A wolf spider (Vaults:1)
  4 cyclopes
  A fire giant zombie (Crypt:3)
  55 ugly things
  19 salamanders
  3 shining eyes
  63 deep elf magi
  A cyclops (shapeshifter) (Vaults:4)
  2 iron dragon skeletons
  2 shadow dragon skeletons (Crypt:3)
  7 moths of wrath
  A human zombie (Vaults:4)
  4 manticores
  10 elephants
  2 fire giant skeletons (Crypt:3)
  A shining eye (shapeshifter) (Vaults:4)
  A salamander (shapeshifter) (Depths:2)
  14 naga magi
  Maurice (D:12)
  3 worldbinders
  2 ice statues
  An eye of devastation (Slime:4)
  19 vault sentinels
  7 frost giant skeletons
  3 stone giant skeletons
  31 black mambas
  A torpor snail (shapeshifter) (Vaults:5)
  3 smoke demons
  A red draconian zombie (Crypt:2)
  2 torpor snails
  An elephant (shapeshifter) (Vaults:5)
  10 guardian serpents
  18 spiny frogs
  3 orange demons
  3 gargoyles
  A shock serpent skeleton (Crypt:2)
  A dire elephant skeleton (Crypt:3)
  A pale draconian zombie (Crypt:2)
  4 rime drakes
  A komodo dragon (shapeshifter) (Vaults:4)
  A death yak zombie (Crypt:3)
  An elf zombie (Depths:4)
  9 komodo dragons
  70 yaktaurs
  4 ice devils (Lair:6)
  5 human skeletons
  4 freezing wraiths
  2 hellwings
  4 tengu conjurers
  A tormentor (Abyss:5)
  5 guardian mummies (Crypt:3)
  6 trolls
  A black draconian skeleton (Crypt:1)
  9 meliai
  A red devil (Depths:3)
  23 polar bears
  2 ancient zymes
  A yaktaur skeleton (Vaults:2)
  A queen bee (Lair:5)
  A tengu simulacrum (Vaults:4)
  A jumping spider (Vaults:3)
  16 hornets
  A harpy skeleton (Crypt:3)
  5 tyrant leeches
  A slime creature (shapeshifter) (Vaults:4)
  15 blink frogs
  79 slime creatures
  4 raiju (Abyss:3)
  A snapping turtle (shapeshifter) (Elf:1)
  5 bog bodies
  14 flying skulls
  12 hippogriffs
  A shadow (Swamp:4)
  A centaur simulacrum (D:15)
  A fire dragon skeleton (Crypt:3)
  5 ettin skeletons
  10 air elementals
  15 large abominations
  9 spriggans
  8 wraiths
  53 yaks
  2 redbacks (Vaults:3)
  2 vampires (Crypt:1)
  11 water elementals
  2 wyverns
  A ynoxinul (Abyss:3)
  A basilisk (shapeshifter) (Vaults:3)
  4 fire elementals
  27 vampire mosquitoes
  3 fire bats (Depths:1)
  5 hungry ghosts
  A black mamba skeleton (Crypt:3)
  2 golden eyes (Slime:5)
  A golden eye (shapeshifter) (Depths:1)
  4 basilisks
  3 chaos spawn
  2 neqoxecs (Abyss:5)
  23 insubstantial wisps
  6 wargs
  4 acid dragons
  2 soldier ants
  67 nagas
  A swamp worm (shapeshifter) (Vaults:1)
  A water moccasin (shapeshifter) (Vaults:5)
  18 swamp worms
  3 hell hounds (Lair:6)
  25 water moccasins
  A porcupine (shapeshifter) (Depths:1)
  A spiny frog zombie (Crypt:3)
  A gelid demonspawn skeleton (Crypt:1)
  A floating eye (Depths:3)
  13 swamp drakes
  38 orc warriors
  9 porcupines
  4 sky beasts
  A deep troll skeleton (Vaults:2)
  20 ice beasts
  A phantom (D:4)
  A sky beast (shapeshifter) (Elf:1)
  2 slaves (D:9)
  3 necrophages
  4 black bears
  5 eyes of draining
  An ettin simulacrum (Vaults:2)
  A boggart (Depths:1)
  59 ogres
  A boggart (shapeshifter) (Vaults:2)
  27 wolves
  A snapping turtle skeleton (Crypt:3)
  9 centaurs
  A crocodile (shapeshifter) (Depths:2)
  22 crocodiles
  An elf simulacrum (Vaults:1)
  A manticore skeleton (Crypt:1)
  3 big kobolds
  14 bullfrogs
  Blork the orc (D:4)
  A draconian skeleton (Crypt:1)
  An earth elemental (Elf:2)
  2 wyvern zombies
  2 elf skeletons
  11 small abominations
  6 scorpions
  A water moccasin skeleton (D:9)
  52 killer bees
  15 wights
  4 howler monkeys
  10 electric eels
  A polar bear skeleton (Crypt:3)
  6 bullfrog zombies
  5 centaur zombies
  7 crimson imps
  2 quasits
  17 jellies
  A wolf skeleton (Crypt:3)
  3 bullfrog skeletons
  7 hounds
  A jelly (shapeshifter) (Depths:2)
  19 orc priests
  A basilisk skeleton (Crypt:3)
  4 centaur skeletons
  28 orc wizards
  5 iguanas
  6 worker ants
  2 killer bee zombies (Ossuary)
  A sky beast zombie (Crypt:2)
  A felid zombie (Crypt:1)
  2 hound skeletons (D:6)
  23 mummies
  3 howler monkey zombies (Ossuary)
  4 worker ant zombies
  16 adders
  6 shadow imps
  An ufetubus (Abyss:3)
  7 oozes
  5 adder zombies
  An iguana skeleton (Crypt:3)
  2 worms (D:2)
  4 dart slugs
  2 leopard geckos (D:3)
  107 orcs
  2 ball pythons
  7 giant cockroaches
  4 hobgoblins
  21 kobolds
  6 quokkas
  6 bats
  7 frilled lizards
  11 goblins
  A hobgoblin skeleton (Crypt:2)
  A jackal zombie (Ossuary)
  A leopard gecko skeleton (D:5)
  3 leopard gecko zombies (Ossuary)
  A quokka zombie (Ossuary)
  6 rats
  A river rat zombie (Crypt:2)
  A bush (D:2)
  6 crawling corpses
  A fungus (Lair:6)
  A plant (Lair:4)
2835 creatures vanquished.

Vanquished Creatures (others)
  2 tengu reavers (Depths:2)
  A very ugly thing (Depths:1)
  A black draconian (Zot:2)
  A deep elf annihilator (Elf:2)
  2 purple draconians (Zot:2)
  A two-headed ogre (Depths:4)
  A dancing weapon (Elf:2)
  An unseen horror (Abyss:3)
  A deep troll (Depths:1)
  A phantasmal warrior (Vaults:3)
  2 deep elf magi (Elf:2)
  A spriggan (Swamp:3)
  A water elemental (D:13)
  A fire elemental (Elf:2)
  5 humans (Lair:5)
  2 nagas
  An orc warrior (Elf:1)
  A salamander skeleton (Crypt:1)
  An orc wizard (Orc:2)
  2 orcs (D:9)
  3 briar patches (Swamp:3)
  A bush (Depths:1)
  16 fungi
  A lurking horror (Abyss:5)
  44 plants
  13 starspawn tentacles
107 creatures vanquished.

Grand Total: 2942 creatures vanquished

Notes
Turn   | Place    | Note
-------+----------+-------------------------------------------
     0 | D:1      | Gorice the Demonspawn Wanderer began the quest for the Orb.
     0 | D:1      | Gorice set off with: a +2 leather armour, a potion of curing, 9 poisoned needles, a +0 blowgun, a bread ration {!e}
     0 | D:1      | Reached XP level 1. HP: 18/18 MP: 1/1
   204 | D:1      | Reached skill level 1 in Armour
   204 | D:1      | Gained mutation: You have a pair of small antennae on your head. [demonic ancestry]
   204 | D:1      | Reached XP level 2. HP: 24/24 MP: 2/2
   601 | D:1      | Reached XP level 3. HP: 29/29 MP: 3/3
  1009 | D:2      | Reached skill level 2 in Armour
  1269 | D:2      | Reached skill level 4 in Fighting
  1457 | D:2      | Gained mutation: You have a somewhat thin skeletal structure. (Dex +2, Stealth) [demonic ancestry]
  1457 | D:2      | Reached XP level 4. HP: 37/37 MP: 4/4
  2849 | D:4      | Noticed Blork the orc
  2905 | D:4      | Killed Blork the orc
  2905 | D:4      | Reached skill level 3 in Armour
  2905 | D:4      | Reached XP level 5. HP: 39/43 MP: 5/5
  2993 | D:4      | Reached skill level 2 in Long Blades
  3220 | D:4      | Reached skill level 5 in Fighting
  3367 | D:4      | Found an ancient bone altar of Kikubaaqudgha.
  3509 | D:4      | Noticed a phantom
  3535 | D:4      | Killed a phantom
  3535 | D:4      | Reached skill level 3 in Long Blades
  3535 | D:4      | Gained mutation: You are partially covered in sharp spines. [demonic ancestry]
  3535 | D:4      | Reached XP level 6. HP: 37/51 MP: 6/6
  3698 | D:4      | Found a shimmering altar of Xom.
  3700 | D:4      | Found a deep blue altar of Sif Muna.
  3700 | D:4      | Found a shattered altar of Ashenzari.
  3702 | D:4      | Found a blossoming altar of Fedhas.
  3702 | D:4      | Found a snail-covered altar of Cheibriados.
  3702 | D:4      | Found a stormy altar of Qazlal.
  3845 | D:5      | Entered Level 5 of the Dungeon
  3935 | D:5      | Reached skill level 4 in Armour
  4083 | D:5      | Found Vyss's Assorted Antiques.
  4097 | D:5      | Bought a bloodstained falchion for 160 gold pieces
  4097 | D:5      | Identified the +5 falchion "Zemin" {venom, rElec Int+2} (You bought it in a shop on level 5 of the Dungeon)
  4171 | D:5      | Noticed an ice beast
  4179 | D:5      | Killed an ice beast
  4179 | D:5      | Reached skill level 4 in Long Blades
  4179 | D:5      | Gained mutation: You have a moderately thin skeletal structure. (Dex +4, Stealth+) [demonic ancestry]
  4179 | D:5      | Reached XP level 7. HP: 42/56 MP: 7/7
  4321 | D:5      | Reached skill level 5 in Long Blades
  4512 | D:5      | Found a glowing golden altar of the Shining One.
  4841 | D:6      | Reached skill level 5 in Armour
  4841 | D:6      | Reached XP level 8. HP: 38/62 MP: 4/8
  4948 | D:6      | Found Ijothripp's General Store.
  5293 | D:7      | Reached skill level 6 in Long Blades
  5295 | D:7      | Noticed a hippogriff
  5304 | D:7      | Killed a hippogriff
  5382 | D:7      | Reached skill level 7 in Long Blades
  5678 | D:7      | Found a staircase to the Ecumenical Temple.
  5725 | D:7      | Got a shimmering leather armour
  5726 | D:7      | Identified the +2 leather armour "Ujaiwole" {+Inv Str+2} (You found it on level 7 of the Dungeon)
  5729 | Temple   | Entered the Ecumenical Temple
  5746 | Temple   | Became a worshipper of Qazlal Stormbringer
  5835 | D:7      | Reached skill level 6 in Armour
  5947 | D:7      | Found Wyug's Book Shoppe.
  6372 | D:8      | Found a sand-covered staircase.
  6377 | D:8      | Gained mutation: You are mostly covered in sharp spines. [demonic ancestry]
  6377 | D:8      | Reached XP level 9. HP: 68/68 MP: 9/9
  6380 | D:8      | Reached skill level 8 in Long Blades
  6393 | Ossuary  | Entered an ossuary
  6448 | Ossuary  | Reached * piety under Qazlal
  6771 | D:8      | Reached skill level 7 in Armour
  6777 | D:8      | Reached skill level 9 in Long Blades
  6788 | D:8      | Noticed a two-headed ogre
  6795 | D:8      | Reached ** piety under Qazlal
  6823 | D:8      | Killed a two-headed ogre
  6828 | D:8      | Reached skill level 10 in Long Blades
  6848 | D:8      | HP: 19/68 [crocodile (4)]
  7193 | D:8      | Gained mutation: You are completely covered in sharp spines. [demonic ancestry]
  7193 | D:8      | Reached XP level 10. HP: 72/74 MP: 8/10
  7233 | D:8      | Reached skill level 8 in Armour
  7247 | D:8      | Noticed a six-headed hydra
  7269 | D:8      | Killed a one-headed hydra
  7595 | D:8      | Reached skill level 11 in Long Blades
  7622 | D:8      | Found a staircase to the Lair.
  7722 | D:8      | Identified Fahelov's Almanac of Transmutation
  7726 | D:8      | Found Tauves's Weapon Shop.
  7845 | Lair:1   | Entered Level 1 of the Lair of Beasts
  7916 | D:8      | HP: 22/74 [yak (5)]
  7921 | D:8      | HP: 9/74 [yak (9)]
  8231 | Lair:1   | Noticed a spiny frog
  8268 | D:8      | Reached skill level 9 in Armour
  8550 | D:8      | Reached *** piety under Qazlal
  8563 | D:8      | Reached XP level 11. HP: 59/79 MP: 9/11
  8760 | D:8      | Reached skill level 12 in Long Blades
  9396 | Lair:1   | Noticed a four-headed hydra
  9411 | Lair:1   | Killed a one-headed hydra
  9673 | Lair:1   | Found a sacrificial altar of Ru.
 10003 | Lair:2   | Reached skill level 10 in Armour
 10021 | Lair:2   | Reached **** piety under Qazlal
 10027 | Lair:2   | Reached skill level 13 in Long Blades
 10344 | Lair:2   | Found a frozen archway.
 10371 | IceCv    | Entered an ice cave
 10456 | IceCv    | HP: 20/79 [wolf (5)]
 10508 | IceCv    | HP: 18/79 [polar bear (6)]
 10516 | IceCv    | HP: 18/79 [polar bear (2)]
 10517 | IceCv    | Reached skill level 1 in Invocations
 10517 | IceCv    | Reached XP level 12. HP: 19/86 MP: 1/12
 10978 | IceCv    | Reached skill level 2 in Invocations
 11024 | IceCv    | Noticed a frost giant
 11047 | IceCv    | Killed a frost giant
 11047 | IceCv    | Reached skill level 3 in Invocations
 11283 | IceCv    | Reached skill level 4 in Invocations
 11596 | IceCv    | Reached skill level 14 in Long Blades
 11596 | IceCv    | Reached skill level 11 in Armour
 11830 | IceCv    | Reached skill level 5 in Invocations
 11876 | IceCv    | Reached ***** piety under Qazlal
 12151 | Lair:2   | Found a staircase to the Snake Pit.
 13087 | Lair:3   | Reached skill level 6 in Invocations
 13110 | Lair:3   | Reached skill level 6 in Fighting
 13131 | Lair:3   | Noticed an eight-headed hydra
 13160 | Lair:3   | Killed a three-headed hydra
 13301 | Lair:3   | Noticed a five-headed hydra
 13326 | Lair:3   | Killed a one-headed hydra
 13326 | Lair:3   | Reached skill level 7 in Invocations
 13612 | Lair:3   | Found a staircase to the Swamp.
 14006 | Lair:4   | Reached skill level 7 in Fighting
 14074 | Lair:4   | Reached skill level 8 in Invocations
 14233 | Lair:4   | Gained mutation: You sometimes gain a little power by taking damage. [demonic ancestry]
 14233 | Lair:4   | Reached XP level 13. HP: 82/96 MP: 16/19
 14472 | Lair:4   | --vpUX: Oklob
 14879 | Lair:4   | Reached skill level 12 in Armour
 15170 | Lair:4   | Reached skill level 9 in Invocations
 15385 | Lair:5   | Noticed Kirke
 15550 | Lair:3   | Killed Kirke
 15550 | Lair:3   | Reached skill level 8 in Fighting
 15958 | Lair:4   | Reached skill level 10 in Invocations
 16399 | Lair:5   | Reached skill level 9 in Fighting
 16679 | Lair:5   | Found a staircase to the Slime Pits.
 17181 | Lair:6   | Entered Level 6 of the Lair of Beasts
 17187 | Lair:6   | Reached skill level 11 in Invocations
 17419 | Lair:6   | Reached ****** piety under Qazlal
 17475 | Lair:5   | Reached XP level 14. HP: 77/108 MP: 18/22
 17590 | Lair:6   | Reached skill level 13 in Armour
 17664 | Lair:6   | Reached skill level 10 in Fighting
 17936 | Lair:6   | Reached skill level 12 in Invocations
 18628 | Lair:6   | HP: 30/111 [ice devil (6)]
 18641 | Lair:6   | HP: 19/111 [smoke demon/divine providence (9)]
 18649 | Lair:6   | HP: 12/111 [smoke demon/divine providence (9)]
 19388 | Lair:6   | Reached skill level 11 in Fighting
 19446 | Lair:6   | Found a burning altar of Makhleb.
 19453 | Lair:6   | Found a gateway to Hell.
 19462 | Lair:6   | Got a blackened great sword
 19464 | Lair:6   | Identified the +4 great sword "Ogrebane" {freeze, +Blink rElec rPois Stlth-} (You found it on level 6 of the Lair of Beasts)
 19908 | D:9      | Found a shattered altar of Ashenzari.
 19930 | D:9      | Noticed Pikel
 19940 | D:9      | Killed Pikel
 20211 | D:9      | Found a staircase to the Orcish Mines.
 20747 | Orc:1    | Entered Level 1 of the Orcish Mines
 20769 | Orc:1    | Noticed Harold
 20780 | Orc:1    | Killed Harold
 21373 | Orc:2    | Entered Level 2 of the Orcish Mines
 21452 | Orc:1    | Reached skill level 14 in Armour
 22588 | Orc:2    | Found a staircase to the Elven Halls.
 22815 | Orc:2    | Gained mutation: You have a pair of antennae on your head. [demonic ancestry]
 22815 | Orc:2    | Reached XP level 15. HP: 68/119 MP: 15/24
 22843 | Orc:2    | Gained mutation: You possess an exceptional clarity of mind. [a neqoxec]
 23397 | Orc:2    | Found Puemn's Distillery.
 23397 | Orc:2    | Found Tamyanall's Gadget Shop.
 23399 | Orc:2    | Found Wugysaemp's Gadget Emporium.
 23399 | Orc:2    | Found Acsepn's Food Shop.
 23415 | Orc:2    | Bought 2 potions of heal wounds for 150 gold pieces
 23415 | Orc:2    | Bought 2 potions of cancellation for 240 gold pieces
 23516 | D:10     | Entered Level 10 of the Dungeon
 23702 | D:10     | Noticed wintastic's ghost (journeyman HaHu)
 23725 | D:10     | Killed wintastic's ghost
 24253 | D:11     | Found a bloodstained altar of Trog.
 24848 | D:11     | Reached skill level 15 in Long Blades
 24956 | D:12     | Noticed Maurice
 24976 | D:12     | Killed Maurice
 25558 | D:12     | Reached skill level 12 in Fighting
 26958 | D:13     | Upgraded the game from 0.21-a0-450-gd87a9b2 to 0.21-a0-460-g737a915
 27978 | D:14     | Noticed Rupert
 27994 | D:14     | Killed Rupert
 27994 | D:14     | Reached skill level 16 in Long Blades
 27998 | D:14     | Noticed Frances
 28005 | D:14     | Killed Frances
 28381 | D:14     | Noticed Roxanne
 28428 | D:14     | Found a gate to the Vaults.
 28828 | D:15     | Entered Level 15 of the Dungeon
 28880 | D:15     | Reached XP level 16. HP: 120/129 MP: 25/25
 29381 | D:15     | Found a snail-covered altar of Cheibriados.
 29416 | D:15     | Reached skill level 15 in Armour
 29440 | D:15     | Found a staircase to the Depths.
 29992 | D:13     | Reached skill level 13 in Fighting
 30243 | Swamp:1  | Entered Level 1 of the Swamp
 30860 | Swamp:1  | Got a heavily runed chain mail
 30861 | Swamp:1  | Identified the +5 chain mail of Jigsaw {rElec rF+ Str-3} (You found it on level 1 of the Swamp)
 32216 | Swamp:3  | Noticed a thorn hunter
 32228 | Swamp:3  | Reached skill level 1 in Evocations
 32230 | Swamp:3  | Killed a thorn hunter
 32234 | Swamp:3  | HP: 39/131 [shambling mangrove (17)]
 32243 | Swamp:2  | HP: 35/131 [hornet (3)]
 32245 | Swamp:2  | Reached skill level 17 in Long Blades
 32632 | Swamp:3  | Reached skill level 2 in Evocations
 33396 | Swamp:4  | Entered Level 4 of the Swamp
 33560 | Swamp:4  | Noticed a tentacled monstrosity
 33576 | Swamp:4  | Killed a tentacled monstrosity
 33707 | Swamp:4  | Reached skill level 3 in Evocations
 33720 | Swamp:4  | Noticed Louise
 33741 | Swamp:4  | Killed Louise
 33920 | Swamp:4  | Reached XP level 17. HP: 78/138 MP: 24/26
 33925 | Swamp:4  | Noticed Jorgrun
 33930 | Swamp:4  | Killed Jorgrun
 34388 | Swamp:4  | Noticed the 27-headed Lernaean hydra
 34477 | Swamp:3  | Reached skill level 4 in Evocations
 35139 | Snake:1  | Entered Level 1 of the Snake Pit
 35162 | Snake:1  | Reached skill level 14 in Fighting
 35775 | Snake:1  | Reached skill level 5 in Evocations
 36557 | Snake:2  | HP: 40/139 [shock serpent/electric aura (6)]
 36563 | Snake:2  | HP: 33/139 [poisoned by a naga mage (bolt of poison)]
 36897 | Snake:2  | Reached skill level 18 in Long Blades
 36943 | Snake:2  | Reached skill level 16 in Armour
 37545 | Snake:2  | Found Plog's General Store.
 37548 | Snake:2  | Bought a potion of might for 68 gold pieces
 37589 | Snake:2  | Reached skill level 6 in Evocations
 39200 | Snake:3  | Found a hazy altar of Hepliaklqana.
 39221 | Snake:3  | Noticed Aizul
 39243 | Snake:3  | Killed Aizul
 39247 | Snake:3  | Gained mutation: You have an unnaturally thin skeletal structure. (Dex +6, Stealth++) [demonic ancestry]
 39247 | Snake:3  | Reached XP level 18. HP: 77/147 MP: 16/27
 39895 | Snake:4  | Entered Level 4 of the Snake Pit
 40150 | Snake:3  | Reached skill level 7 in Evocations
 41024 | Snake:4  | Reached skill level 15 in Fighting
 41542 | Snake:4  | Reached skill level 19 in Long Blades
 41609 | Snake:4  | Upgraded the game from 0.21-a0-460-g737a915 to 0.21-a0-471-gd587bd5
 41630 | Snake:4  | Reached skill level 8 in Evocations
 42193 | Snake:4  | HP: 44/149 [poisoned by a nagaraja (poison arrow)]
 42199 | Snake:4  | HP: 35/149 [poisoned by a nagaraja (splash of poison)]
 42206 | Snake:4  | HP: 34/149 [poisoned by a nagaraja (splash of poison)]
 42213 | Snake:4  | HP: 23/149 [poisoned by a nagaraja (splash of poison)]
 42220 | Snake:3  | HP: 23/149 [poisoned by a nagaraja (splash of poison)]
 43618 | Snake:4  | Got a serpentine rune of Zot
 43967 | Swamp:4  | Killed the 22-headed Lernaean hydra
 44707 | Swamp:4  | Got a decaying rune of Zot
 45819 | Vaults:1 | Entered Level 1 of the Vaults
 46105 | D:14     | Reached XP level 19. HP: 147/155 MP: 26/28
 46501 | Vaults:1 | Found Eplethay's Antique Armour Shoppe.
 46653 | Vaults:1 | Reached skill level 17 in Armour
 46707 | Vaults:1 | Found Rodoh's Armour Shop.
 46826 | Vaults:1 | Found Ixzionk's Jewellery Emporium.
 47471 | Vaults:1 | Bought distressingly furry swamp dragon scales for 1540 gold pieces
 47472 | Vaults:1 | Identified the +3 swamp dragon scales of Lyla {rPois MR+} (You bought it in a shop on level 1 of the Vaults)
 47970 | Vaults:2 | Reached skill level 20 in Long Blades
 49423 | Vaults:2 | Found a staircase to the Crypt.
 49819 | Vaults:3 | Reached skill level 18 in Armour
 50461 | Vaults:3 | Found Qotyod's Magic Scroll Shop.
 50590 | Vaults:3 | Identified the +10 triple crossbow "Vapread" {speed, rPois MR+ Stlth-} (You found it on level 3 of the Vaults)
 50741 | Vaults:3 | Reached skill level 2 in Dodging
 50778 | Vaults:3 | Reached skill level 19 in Armour
 50809 | Vaults:3 | Gained mutation: You have a pair of large antennae on your head. (SInv) [demonic ancestry]
 50809 | Vaults:3 | Reached XP level 20. HP: 127/162 MP: 23/29
 50841 | Vaults:3 | Reached skill level 3 in Dodging
 51552 | Vaults:3 | Reached skill level 4 in Dodging
 52017 | Vaults:3 | Cast into level 3 of the Abyss (a deep elf demonologist)
 52017 | Abyss:3  | Found a corrupted altar of Lugonu.
 52092 | Abyss:3  | Reached skill level 5 in Dodging
 52350 | Abyss:3  | Noticed a profane servitor
 52373 | Abyss:3  | Killed a profane servitor
 52403 | Vaults:3 | Escaped the Abyss
 52410 | Vaults:3 | Reached skill level 20 in Armour
 52418 | Vaults:2 | Reached skill level 6 in Dodging
 52845 | Vaults:3 | Noticed Asterion
 52857 | Vaults:3 | Killed Asterion
 53992 | Vaults:4 | Found Dimil's Armour Boutique.
 54055 | Vaults:4 | Reached skill level 7 in Dodging
 54377 | Vaults:4 | Reached XP level 21. HP: 154/168 MP: 30/30
 55077 | Vaults:4 | HP: 50/168 [poisoned by a green very ugly thing]
 55082 | Vaults:3 | HP: 47/168 [poisoned by a green very ugly thing]
 55088 | Vaults:3 | HP: 45/168 [poisoned by a green very ugly thing]
 55093 | Vaults:3 | HP: 45/168 [poisoned by a green very ugly thing]
 55100 | Vaults:3 | HP: 46/168 [poisoned by a green very ugly thing]
 55108 | Vaults:3 | HP: 47/168 [poisoned by a green very ugly thing]
 55623 | Vaults:4 | Reached skill level 8 in Dodging
 56100 | Lair:1   | Learned a level 1 spell: Animate Skeleton
 56104 | Lair:1   | Learned a level 3 spell: Regeneration
 56106 | Lair:1   | Learned a level 1 spell: Apportation
 56106 | Lair:1   | Upgraded the game from 0.21-a0-471-gd587bd5 to 0.21-a0-476-gd103f4b
 56403 | Crypt:1  | Entered Level 1 of the Crypt
 56745 | Crypt:1  | HP: 40/168 [flayed ghost/flay_damage[a curse skull] (20)]
 56752 | Vaults:2 | HP: 27/168 [ancient champion/great sword of draining (18)]
 57182 | Crypt:1  | Reached skill level 21 in Armour
 57652 | Crypt:1  | Paralysed by a vampire knight for 4 turns
 58156 | Crypt:2  | Paralysed by a vampire knight for 5 turns
 58160 | Crypt:2  | HP: 30/168 [eidolon/bolt of negative energy (23)]
 58696 | Crypt:2  | Reached skill level 9 in Dodging
 58707 | Crypt:1  | Paralysed by a vampire knight for 5 turns
 58952 | Crypt:2  | HP: 43/168 [jiangshi[a vampire mage] (9)]
 58952 | Crypt:2  | HP: 15/168 [jiangshi[a vampire mage] (9)]
 58958 | Crypt:1  | HP: 8/168 [jiangshi[a vampire mage] (5)]
 58963 | Crypt:1  | HP: 33/168 [jiangshi[a vampire mage] (1)]
 58969 | Crypt:1  | HP: 14/168 [ghoul (10)]
 58976 | Crypt:1  | HP: 22/168 [jiangshi[a vampire mage] (10)]
 59547 | Crypt:2  | Paralysed by a vampire knight for 6 turns
 61013 | Crypt:3  | Entered Level 3 of the Crypt
 61080 | Crypt:3  | Found a magical portal.
 61089 | WizLab   | Entered Wucad Mu's Monastery
 61173 | WizLab   | Found the +9 staff of Wucad Mu {channel}
 61394 | WizLab   | Gained mutation: You sometimes gain power by taking damage. [demonic ancestry]
 61394 | WizLab   | Reached XP level 22. HP: 175/175 MP: 31/31
 61410 | Crypt:3  | Reached skill level 22 in Armour
 61509 | Crypt:3  | Reached skill level 10 in Dodging
 61519 | Crypt:3  | Found a staircase to the Tomb.
 62154 | Crypt:3  | Gained mutation: Your magical and physical power is slightly enhanced at high health. [demonic ancestry]
 62154 | Crypt:3  | Reached XP level 23. HP: 148/180 MP: 29/32
 62453 | Crypt:3  | Found an ancient bone altar of Kikubaaqudgha.
 62568 | Crypt:3  | Noticed an ancient lich
 62584 | Crypt:3  | Killed an ancient lich
 62584 | Crypt:3  | Reached skill level 16 in Fighting
 62584 | Crypt:3  | Reached skill level 11 in Dodging
 62673 | Crypt:3  | HP: 48/184 [skeletal warrior/halberd (12)]
 62686 | Crypt:3  | HP: 49/184 [skeletal warrior/glaive (3)]
 62692 | Crypt:3  | HP: 48/184 [skeletal warrior/halberd (3)]
 62702 | Crypt:3  | HP: 42/184 [ancient champion/bolt of negative energy (9)]
 62724 | Crypt:3  | HP: 48/185 [skeletal warrior/hand axe (2)]
 63413 | Crypt:3  | Identified the Tome of Noxious Earth
 63432 | Crypt:3  | Identified the ring "Guzoinad" {rF- rN+ Int+4 Dex+8} (You found it on level 3 of the Crypt)
 63433 | Crypt:3  | Identified the ring "Fioqul" {rN+ Stlth+} (You found it on level 3 of the Crypt)
 64893 | Elf:1    | Entered Level 1 of the Elven Halls
 64934 | Elf:1    | Reached skill level 17 in Fighting
 65222 | Elf:1    | Reached skill level 12 in Dodging
 65341 | Elf:1    | Gained mutation: You expend magic power (3 MP) to strengthen your wands. [a neqoxec]
 65343 | Elf:1    | Gained mutation: Armour fits poorly on your strangely shaped body. [a neqoxec]
 66565 | Elf:2    | Reached skill level 18 in Fighting
 66820 | Elf:2    | Found Dawyady's Armour Shop.
 67060 | Elf:2    | Found a huge runed gate.
 67060 | Elf:2    | Found a huge runed gate.
 67060 | Elf:2    | Found a huge runed gate.
 67060 | Elf:2    | Found a huge runed gate.
 67063 | Elf:2    | Found a huge runed gate.
 67089 | Elf:2    | Noticed Nikola
 67105 | Elf:2    | Killed Nikola
 67167 | Elf:2    | Reached skill level 13 in Dodging
 67736 | Lair:1   | Lost mutation: Armour fits poorly on your strangely shaped body. [potion of mutation]
 67736 | Lair:1   | Lost mutation: You expend magic power (3 MP) to strengthen your wands. [potion of mutation]
 67736 | Lair:1   | Lost mutation: You possess an exceptional clarity of mind. [potion of mutation]
 67736 | Lair:1   | Gained mutation: Armour fits poorly on your strangely shaped body. [potion of mutation]
 67736 | Lair:1   | Gained mutation: You are somewhat resistant to further mutation. [potion of mutation]
 67898 | Elf:3    | Entered Level 3 of the Elven Halls
 67946 | Elf:3    | Reached skill level 1 in Spellcasting
 67946 | Elf:3    | Reached skill level 1 in Translocations
 67955 | Elf:3    | Noticed kiturien's ghost (adept MiFi)
 68252 | Elf:3    | Reached skill level 2 in Spellcasting
 68253 | Elf:3    | Killed kiturien's ghost
 68253 | Elf:3    | Reached skill level 2 in Translocations
 68444 | Elf:3    | Gained mutation: Your magical and physical power is enhanced at high health. [demonic ancestry]
 68444 | Elf:3    | Reached XP level 24. HP: 157/198 MP: 32/32
 68555 | Elf:2    | Reached skill level 3 in Spellcasting
 68555 | Elf:2    | Reached skill level 3 in Translocations
 69095 | Elf:3    | Reached skill level 4 in Spellcasting
 69095 | Elf:3    | Reached skill level 4 in Translocations
 69119 | Elf:3    | Got an ancient bone ring
 69192 | Elf:3    | Got a fine platinum amulet
 69197 | Elf:3    | Got a wavering zirconium amulet
 69197 | Elf:3    | Got a slimy brass ring
 69200 | Elf:3    | Got an agate-encrusted scale mail
 69566 | Elf:3    | Got a scintillating silver ring
 69689 | Elf:3    | Reached skill level 5 in Spellcasting
 69698 | Elf:3    | Reached skill level 5 in Translocations
 69950 | Elf:3    | Identified Sif Muna's Volume of Boosting Poisoning
 69967 | Elf:3    | Identified the amulet of the Kraken {rPois Regen+ Dex+8} (You took it off a deep elf demonologist on level 3 of the Elven Halls)
 69968 | Elf:3    | Identified the amulet of Seufobugg {+Rage Dex+5} (You took it off a deep elf annihilator on level 3 of the Elven Halls)
 69969 | Elf:3    | Identified the ring "Susesig" {rElec rPois Slay+3} (You took it off a deep elf death mage on level 3 of the Elven Halls)
 69970 | Elf:3    | Identified the ring of Equivalence {+Fly rF+ rC+ Int+5 Dex-2} (You took it off a deep elf blademaster on level 3 of the Elven Halls)
 69971 | Elf:3    | Identified the ring of the Greedy {rPois rC+ Dex+6 Stlth-} (You took it off a deep elf death mage on level 3 of the Elven Halls)
 69972 | Elf:3    | Identified the +4 scale mail "Tounwoph" {rC++ SInv} (You took it off a deep elf blademaster on level 3 of the Elven Halls)
 69979 | Elf:3    | Identified the Compendium of Orientation
 70462 | Elf:3    | Found Ylufoh's Food Emporium.
 70533 | Elf:3    | Got a pitted tin ring
 70547 | Elf:3    | Identified the Papyrus of Envenoming and the Escort
 70568 | Elf:3    | Got a transparent golden ring
 70607 | Elf:3    | Identified the ring "Bureotil" {rN+ MR+ EV+5 Int+2 Stlth+} (You found it on level 3 of the Elven Halls)
 70609 | Elf:3    | Identified the ring of Zoubur {MR+ MP+9} (You found it on level 3 of the Elven Halls)
 70642 | Elf:3    | Got a faintly glowing hand crossbow
 70643 | Elf:3    | Identified the +7 hand crossbow "Backscratcher" {venom, rN++ Int+4 Dex-3} (You found it on level 3 of the Elven Halls)
 71822 | Depths:1 | Entered Level 1 of the Depths
 71865 | D:15     | Reached skill level 14 in Dodging
 72254 | Depths:1 | Found a one-way gate leading to the halls of Pandemonium.
 72337 | Depths:1 | Reached skill level 6 in Spellcasting
 72360 | Depths:1 | Found a gateway to a ziggurat.
 72376 | Depths:1 | Reached skill level 6 in Translocations
 72441 | Depths:1 | Found a transporter.
 72603 | Depths:1 | Found a transporter.
 72658 | Depths:1 | Found Ypneduh's Gadget Boutique.
 72659 | Depths:1 | Found Haapnu's Jewellery Shoppe.
 72659 | Depths:1 | Found Dicasaga's Jewellery Shoppe.
 72680 | Depths:1 | Bought the ring "Catsot" {rCorr rF+ MR+ Str+3 Dex+3} for 991 gold pieces
 73311 | Depths:1 | Reached skill level 7 in Spellcasting
 73316 | Depths:1 | Reached skill level 7 in Translocations
 73351 | Depths:1 | Noticed a juggernaut
 73418 | Depths:1 | HP: 30/198 [juggernaut (58)]
 73423 | Depths:1 | Killed a juggernaut
 73427 | Depths:1 | HP: 50/199 [stone giant (9)]
 73459 | Depths:1 | HP: 58/199 [deep troll earth mage (5)]
 73678 | Depths:1 | Got a pitted bone ring
 73683 | Depths:1 | Got a coiled iron amulet
 73698 | Depths:1 | Identified the Papyrus of Quantum Lightness
 73709 | Depths:1 | Identified the amulet "Nelalema" {RegenMP +Blink rPois Int+3 Dex-2} (You found it on level 1 of the Depths)
 73710 | Depths:1 | Identified the ring "Gielo" {rCorr rPois Str+4 Int+4} (You found it on level 1 of the Depths)
 73716 | Depths:1 | Learned a level 2 spell: Blink
 73719 | Depths:1 | Learned a level 2 spell: Swiftness
 73744 | D:15     | Upgraded the game from 0.21-a0-476-gd103f4b to 0.21-a0-496-g696f58f
 73775 | Depths:2 | Noticed Sojobo
 73791 | Depths:2 | Reached skill level 8 in Spellcasting
 73810 | Depths:2 | Reached skill level 8 in Translocations
 73825 | Depths:2 | Killed Sojobo
 73856 | Depths:2 | Reached skill level 15 in Dodging
 73934 | Depths:2 | Reached XP level 25. HP: 181/206 MP: 35/35
 73988 | Depths:2 | Found a one-way gate to the infinite horrors of the Abyss.
 74486 | Depths:2 | Reached skill level 9 in Spellcasting
 74605 | Depths:1 | Reached skill level 9 in Translocations
 76021 | Depths:3 | Reached skill level 10 in Spellcasting
 76026 | Depths:3 | Noticed Mennas
 76047 | Depths:3 | Killed Mennas
 76047 | Depths:3 | Reached skill level 10 in Translocations
 76095 | Depths:3 | Reached skill level 16 in Dodging
 76134 | Depths:3 | Noticed Xtahua
 76146 | Depths:3 | Killed Xtahua
 76146 | Depths:3 | Reached skill level 1 in Charms
 76146 | Depths:3 | Reached skill level 1 in Necromancy
 76191 | Depths:3 | Noticed the Enchantress
 76199 | Depths:3 | Killed the Enchantress
 76199 | Depths:3 | Reached skill level 2 in Necromancy
 76203 | Depths:3 | Reached skill level 2 in Charms
 76229 | Depths:3 | Reached skill level 3 in Necromancy
 76237 | Depths:3 | Got faerie dragon scales
 76318 | Depths:3 | Identified the +4 faerie dragon scales {rCorr HP+1 Int-3 Dex+5} (You took it off the Enchantress on level 3 of the Depths)
 76350 | Depths:3 | Found Buschypp's Book Boutique.
 76403 | Depths:3 | Reached skill level 3 in Charms
 76514 | Depths:3 | Reached skill level 9 in Evocations
 76643 | Depths:3 | Reached skill level 4 in Necromancy
 77426 | Depths:2 | Reached skill level 4 in Charms
 77486 | Depths:2 | Reached skill level 5 in Necromancy
 77517 | Depths:3 | Paralysed by a floating eye for 4 turns
 77879 | Depths:4 | Reached skill level 6 in Necromancy
 77944 | Depths:4 | Reached skill level 5 in Charms
 77944 | Depths:4 | Reached skill level 10 in Evocations
 78024 | Depths:4 | Gained mutation: Your magical and physical power is greatly enhanced at high health. [demonic ancestry]
 78024 | Depths:4 | Reached XP level 26. HP: 176/213 MP: 37/37
 78057 | Depths:4 | Reached skill level 7 in Necromancy
 78138 | Depths:4 | Reached skill level 6 in Charms
 78224 | Depths:4 | Found Gozag's Antique Weapon Emporium.
 78250 | Depths:4 | Found an opulent altar of Gozag.
 78250 | Depths:4 | Found Gozag's Assorted Antiques.
 78263 | Depths:4 | Found Gozag's Antique Armour Shoppe.
 78385 | Depths:4 | Reached skill level 8 in Necromancy
 78451 | Depths:4 | Reached skill level 11 in Evocations
 78963 | Depths:4 | Bought a pair of runed gloves for 750 gold pieces
 79046 | Depths:3 | Reached skill level 7 in Charms
 79093 | Depths:3 | Got a scintillating marble ring
 79133 | Depths:3 | Identified the ring "Geumesid" {*Drain +Fly rC+ MP+9} (You took it off a yaktaur on level 3 of the Depths)
 79200 | Depths:5 | Entered Level 5 of the Depths
 79234 | Depths:4 | Reached skill level 9 in Necromancy
 79506 | Depths:5 | Reached skill level 8 in Charms
 79743 | Depths:5 | Reached skill level 12 in Evocations
 79748 | Depths:5 | Reached skill level 10 in Necromancy
 79934 | Depths:5 | Found a gate to the Realm of Zot.
 79935 | Depths:5 | Found a stormy altar of Qazlal.
 80019 | Depths:5 | Reached skill level 9 in Charms
 80019 | Depths:5 | Reached skill level 1 in Air Magic
 80023 | Depths:5 | Reached skill level 2 in Air Magic
 80077 | Depths:5 | Reached skill level 11 in Necromancy
 80181 | Depths:5 | Reached skill level 3 in Air Magic
 80253 | Depths:5 | Found Ifoa's Assorted Antiques.
 80253 | Depths:5 | Found Fuyh Lavye's Jewellery Shoppe.
 81210 | Lair:1   | Learned a level 3 spell: Vampiric Draining
 81481 | Vaults:5 | Entered Level 5 of the Vaults
 81497 | Vaults:4 | Reached skill level 4 in Air Magic
 81673 | Vaults:5 | Reached skill level 5 in Air Magic
 81679 | Vaults:5 | Gained mutation: You are powered by pain. [demonic ancestry]
 81679 | Vaults:5 | Reached XP level 27. HP: 118/219 MP: 22/37
 81679 | Vaults:5 | Reached skill level 12 in Necromancy
 81838 | Vaults:4 | Reached skill level 6 in Air Magic
 82057 | Vaults:4 | Upgraded the game from 0.21-a0-496-g696f58f to 0.21-a0-498-g1b60429
 82063 | Vaults:5 | Reached skill level 7 in Air Magic
 82066 | Vaults:5 | Noticed an ancient lich
 82341 | Vaults:4 | Killed an ancient lich
 82341 | Vaults:4 | Reached skill level 8 in Air Magic
 82367 | Vaults:4 | Reached skill level 10 in Charms
 82566 | Vaults:4 | Reached skill level 21 in Long Blades
 82566 | Vaults:4 | Reached skill level 9 in Air Magic
 82898 | Vaults:5 | Noticed Saint Roka
 82912 | Vaults:5 | Killed Saint Roka
 82912 | Vaults:5 | Reached skill level 13 in Invocations
 83341 | Vaults:5 | Learned a level 1 spell: Summon Butterflies
 83416 | Vaults:5 | Got a warped garnet amulet
 83484 | Vaults:5 | Found Byuleed's Jewellery Emporium.
 83506 | Vaults:5 | Got a heavily runed marble ring
 83515 | Vaults:5 | Identified the amulet "Buxtac" {Faith Dex+3} (You found it on level 5 of the Vaults)
 83516 | Vaults:5 | Identified the amulet of Maxto {+Rage MR+ Str+3} (You took it off a yaktaur captain on level 5 of the Vaults)
 83519 | Vaults:5 | Identified the ring of the Immovable Queens {Fire +Blink rPois Dex-4} (You found it on level 5 of the Vaults)
 84161 | Vaults:5 | Reached skill level 14 in Invocations
 84229 | Vaults:5 | Got a silver rune of Zot
 84331 | Vaults:5 | Identified the cursed +1 scale mail of the Elven Halls {-Cast rPois rF+++ rCorr MP-9} (You found it on level 5 of the Vaults)
 84826 | Slime:1  | Entered Level 1 of the Pits of Slime
 84853 | Lair:5   | Reached skill level 1 in Summonings
 84902 | Slime:3  | Reached skill level 2 in Summonings
 85085 | Slime:5  | Entered Level 5 of the Pits of Slime
 85107 | Slime:4  | Reached skill level 3 in Summonings
 85195 | Slime:5  | Noticed the Royal Jelly
 85423 | Slime:5  | Reached skill level 4 in Summonings
 85458 | Slime:5  | Found a viscous altar of Jiyva.
 85498 | Slime:5  | Found the +8 lance "Wyrmbane" {slay drac, rPois rF+ rC+ AC+3}
 85504 | Slime:5  | Reached skill level 15 in Invocations
 85540 | Slime:5  | Killed the Royal Jelly
 85540 | Slime:5  | Reached skill level 5 in Summonings
 85660 | Slime:5  | Got a slimy rune of Zot
 86386 | Zot:1    | Entered Level 1 of the Realm of Zot
 86434 | Zot:1    | Reached skill level 6 in Summonings
 86616 | Zot:1    | Reached skill level 22 in Long Blades
 86715 | Zot:1    | Reached skill level 16 in Invocations
 86975 | Zot:1    | Reached skill level 7 in Summonings
 87388 | Zot:2    | Reached skill level 8 in Summonings
 87449 | Zot:2    | HP: 58/219 [red draconian stormcaller/divine providence (14)]
 87454 | Zot:2    | HP: 45/219 [red draconian stormcaller/divine providence (11)]
 87467 | Zot:2    | HP: 41/219 [wind drake/the air[a red draconian stormcaller] (12)]
 87472 | Zot:2    | Reached skill level 17 in Invocations
 87474 | Zot:2    | HP: 40/219 [quicksilver dragon (7)]
 87491 | Zot:2    | HP: 64/219 [red draconian stormcaller/divine providence (11)]
 87496 | Zot:2    | HP: 61/219 [wind drake/the air[a purple draconian stormcaller] (12)]
 87501 | Zot:2    | HP: 55/219 [purple draconian stormcaller/divine providence (12)]
 87526 | Zot:2    | HP: 57/219 [red draconian stormcaller/divine providence (16)]
 87533 | Zot:2    | Cast into level 5 of the Abyss (the power of Zot)
 87533 | Abyss:5  | Entered Level 5 of the Abyss
 87578 | Abyss:5  | Reached skill level 9 in Summonings
 87582 | Abyss:5  | HP: 50/219 [lurking horror (39)]
 87593 | Abyss:5  | HP: 63/219 [starcursed mass/accursed screaming (6)]
 87600 | Abyss:5  | HP: 65/219 [starcursed mass/accursed screaming (5)]
 87605 | Abyss:5  | HP: 61/219 [starcursed mass/accursed screaming (10)]
 87611 | Abyss:5  | HP: 63/219 [starcursed mass/accursed screaming (5)]
 87724 | Abyss:5  | HP: 58/219 [lich/bolt of negative energy (21)]
 87738 | Abyss:5  | HP: 57/219 [starcursed mass/accursed screaming (6)]
 87743 | Abyss:5  | HP: 48/219 [starcursed mass/accursed screaming (7)]
 87806 | Abyss:5  | Paralysed by accursed screaming for 1 turns
 87807 | Zot:2    | Escaped the Abyss
 87954 | Zot:2    | Reached skill level 10 in Summonings
 87965 | Zot:2    | Reached skill level 18 in Invocations
 87986 | Zot:2    | HP: 64/219 [black draconian/dire flail (5)]
 87989 | Zot:2    | HP: 25/219 [black draconian/dire flail (17)]
 87996 | Zot:2    | HP: 64/219 [poisoned by a green draconian monk]
 87996 | Zot:2    | HP: 27/219 [quicksilver dragon (19)]
 87997 | Zot:2    | Slain by a quicksilver dragon

Vault maps used:
D:1:      lemuel_arrival_river_ford, minmay_misc_feat_five,
          kennysheep_minor_cross, minmay_unequal
D:2:      serial_forest, infiniplex_forest_clump_small, infiniplex_forest_split,
          infiniplex_forest_zigzag_1, infiniplex_forest_clump_medium,
          infiniplex_forest_lined_2, infiniplex_forest_clump_curved,
          infiniplex_forest_diagonal
D:4:      kennysheep_mini, doesnt_xom_only_xom, uniq_blork_the_orc
D:5:      serial_shops, nicolae_shop_overgrown_old_shop, first_bread,
          nicolae_tso_swordbearing_angel
D:6:      serial_shops, shop
D:7:      temple_pool_b, serial_shops, shop
D:8:      minmay_lair_entry_grove, serial_shops, shop, enter_ossuary_1
D:9:      erik_orc_2, hangedman_little_slice_of_home,
          nicolae_ashenzari_panopticon, uniq_pikel
D:10:     kennysheep_generic_room_5
D:11:     basic_altar
D:12:     minmay_misc_feat_encased, minivault_26, uniq_maurice
D:13:     minmay_twisted_water
D:14:     minmay_the_grid_square_5x5_3x3, david_vaults_2, grunt_decor_fettered,
          uniq_roxanne, uniq_frances, uniq_rupert
D:15:     grunt_enter_depths_hoard, basic_altar
Temple:   dpeg_three_leaves_temple
Lair:1:   beast_lair_carwin_large_2, basic_altar, infiniplex_staircase_pool_2
Lair:2:   minmay_snake_entry_six_corridors, portal_ice_cave_entry_ice_beasts,
          grunt_megastairs_3
Lair:3:   minmay_swamp_entry_reptiles
Lair:4:   minmay_lair_oklob_tunnel, serial_bayou_shore_a
Lair:5:   hangedman_what_comes_after_a, minmay_slime_entry_jelly_boxes,
          uniq_kirke
Lair:6:   evil_forest
Swamp:1:  hangedman_swamp_ruin_wall
Swamp:2:  hangedman_swamp_diagram
Swamp:3:  serial_swamp_ruin, evilmike_swamp_ruin_house_5,
          evilmike_swamp_ruin_house_6
Swamp:4:  swamp_old_school, uniq_jorgrun, uniq_louise
Snake:1:  special_room, spider_trap
Snake:2:  nicolae_snake_hallway, lemuel_fruit_tree, minmay_shop_star
Snake:3:  basic_altar, uniq_aizul
Snake:4:  grunt_snake_rune_spirals
Orc:1:    uniq_harold
Orc:2:    grunt_orc_tribal_feast, lightli_orcish_oven
Elf:1:    eino_elf_arrival_sip, orc_legates, chequers_big_river
Elf:2:    serial_shops, shop, serial_aquarium, aquarium_bridge_square,
          aquarium_bridge_square, aquarium_window_fake, aquarium_window_fake,
          aquarium_view_2d, aquarium_view_2d, aquarium_balcony_1a,
          aquarium_pool_S, minivault_28, uniq_nikola
Elf:3:    grunt_elf_hall_spiral, serial_shops, shop
Vaults:1: hangedman_vaults_stretched_pinwheel, vaults_room_stairs_pillars,
          vaults_room_ringed_pool, nicolae_vaults_what_the_h,
          hangedman_vaults_stagger, grunt_vaults_diagonal, v_pattern_3,
          nicolae_vaults_little_squares_1, vaults_dpeg_diagonal,
          vaults_mumra_chevron_long, grunt_vaults_hallway_short, serial_shops,
          shop, nicolae_shop_statue_plus, nicolae_shop_trees
Vaults:2: minmay_crypt_entry_skeletal_spiral, nicolae_vaults_angled_halls,
          grunt_vaults_hallway_long, nicolae_vaults_big_angled_halls,
          nicolae_vaults_little_squares_6, ontoclasm_vaults_decontamination,
          nicolae_vaults_little_squares_3
Vaults:3: hangedman_vaults_variations, v_misc_29, vaults_room_large_hall,
          v_misc_29, vaults_dpeg_cross, st_greater_box_5, v_alt_pattern_3,
          vaults_room_door_hall, nicolae_vaults_yaktaur_gun_rack,
          vaults_room_boxed, ontoclasm_vaults_misaligned, serial_shops,
          nicolae_shop_window_shopping, uniq_asterion
Vaults:4: nicolae_vaults_little_squares_1, vaults_room_fancy_cross,
          nicolae_vaults_big_ls, nicolae_vaults_network_barrier,
          nicolae_vaults_diagonal_hallway_7, v_misc_14,
          nicolae_vaults_little_squares_2, vaults_dpeg_doors,
          nicolae_vaults_alarming, hangedman_vaults_corner_blocks,
          nicolae_vaults_mini_display_case, nicolae_vaults_statue_guard,
          serial_shops, shop
Vaults:5: uniq_saint_roka
Crypt:1:  st_vampire_maze
Crypt:3:  church_of_pain_bobbens, nicolae_tomb_entry_grand_gallery,
          mu_enter_wizlab_5
Depths:1: gammafunk_dig_for_victory, enter_ziggurat_c, hex_tiny, pan_entry,
          hell_entry, spider_trap, lemuel_flamethrower_3, minmay_shop_grove
Depths:2: grunt_x_marks_the_spot, lightli_too_deep, abyss_entry,
          nrook_mini_vaults, hangedman_decor_diamond_cutter,
          kennysheep_generic_room_4, infiniplex_staircase_hallway_doors,
          uniq_sojobo
Depths:3: minmay_isolated_rectangles_in_corner, pf_hell_entry_tar_spiral,
          rand_demon_pan_entry_7, serial_shops, shop,
          roderic_lattice_octagonal_star, uniq_enchantress, uniq_xtahua,
          uniq_mennas
Depths:4: kennysheep_gozag_temple, abyss_entry, hell_entry,
          infiniplex_staircase_door_maze
Depths:5: regret_index_qazlal_generations, serial_bayou_shore_b,
          abyss_entry_crystal, hell_entry, serial_bayou_shore_b,
          minmay_shoptagon, basic_stair_grate_trap, serial_bayou_shore_b
Zot:2:    cheibrodos_zot_enchanting_chambers, hangedman_zot_decor_tridents
Abyss:3:  nicolae_abyss_rune_star_stuff, evilmike_abyss_exit_12
Abyss:5:  evilmike_abyss_exit_4, hangedman_decor_peaks_small,
          evilmike_abyss_rune_siren_acolytes, evilmike_abyss_exit_chaos,
          patterned_corridor
Ossuary:  ossuary_zaba_flooded
IceCv:    ice_cave_small_giant
WizLab:   wizlab_wucad

Skill      XL: |  1  2  3  4  5  6  7  8  9 10 11 12 13 14 15 16 17 18 19 20 21 22 23 24 25 26 27 |
---------------+----------------------------------------------------------------------------------+-----
Armour         | 1 2 3 4 5 6 7 9 10 11 12 14 15 16 19 20 21 22 | 22.1
Fighting       | 4 5 7 9 11 12 13 14 15 18 | 18.6
Long Blades    | 3 4 5 7 10 11 13 14 16 17 18 19 20 22 | 22.7
Invocations    | 1 8 11 12 18 | 18.2
Evocations     | 3 6 8 10 12 | 12.0
Dodging        | 2 7 9 10 13 15 16 | 16.0
Spellcasting   | 2 8 10 | 10.0
Translocations | 2 8 10 | 10.1
Charms         | 5 9 10 | 10.0
Necromancy     | 6 11 12 | 12.0
Air Magic      | 5 9 |  9.0
Summonings     | 10 | 10.0
Polearms       | |  1.0
Throwing       | |  1.0
Shields        | |  1.0

Action                   |  1- 3 |  4- 6 |  7- 9 | 10-12 | 13-15 | 16-18 | 19-21 | 22-24 | 25-27 || total
-------------------------+-------+-------+-------+-------+-------+-------+-------+-------+-------++-------
Melee: Spear             |    58 |       |       |       |       |       |       |       |       ||    58
       Dagger            |    65 |   121 |       |       |       |       |       |       |       ||   186
       Scimitar          |       |     2 |   101 |   537 |   553 |    63 |       |       |       ||  1256
       Falchion          |       |    12 |   160 |   178 |       |       |       |       |       ||   350
       Unarmed           |       |       |       |       |     2 |       |       |       |       ||     2
       Great sword       |       |       |       |       |   709 |  1398 |  1714 |  1412 |  1508 ||  6741
       Triple sword      |       |       |       |       |       |       |       |       |   415 ||   415
 Fire: Blowgun           |     9 |     3 |       |       |       |       |       |       |       ||    12
       Triple crossbow   |       |       |       |       |       |       |     7 |       |       ||     7
Throw: Stone             |       |       |     5 |     9 |       |       |       |       |       ||    14
       Javelin           |       |       |    15 |    18 |     5 |     1 |       |       |       ||    39
       Tomahawk          |       |       |       |       |     1 |       |       |       |       ||     1
 Cast: Blink             |       |       |       |       |       |       |       |       |    17 ||    17
       Regeneration      |       |       |       |       |       |       |       |       |    53 ||    53
       Summon Butterflie |       |       |       |       |       |       |       |       |     2 ||     2
       Swiftness         |       |       |       |       |       |       |       |       |     1 ||     1
Invok: Upheaval          |       |       |       |     1 |    12 |    14 |     6 |    14 |    35 ||    82
 Abil: Evoke Blink       |       |       |       |       |       |     2 |       |       |     1 ||     3
       Evoke Flight      |       |       |       |       |       |       |       |     8 |     2 ||    10
       Stop Flying       |       |       |       |       |       |       |       |     2 |       ||     2
Evoke: Wand              |       |       |       |       |       |       |       |     7 |       ||     7
       Phantom mirror    |       |       |       |       |       |       |       |       |     1 ||     1
  Use: Scroll            |     5 |     7 |    11 |     7 |    10 |     8 |     7 |    13 |    35 ||   103
       Potion            |       |       |       |     5 |     1 |     4 |     3 |     2 |     8 ||    23
 Stab: Sleeping          |       |     6 |       |       |       |       |       |       |       ||     6
       Distracted        |       |     1 |       |       |     1 |       |       |       |       ||     2
       Confused          |       |       |       |       |       |     3 |       |       |       ||     3
  Eat: Chunk             |     2 |     8 |    10 |    23 |    43 |    16 |    23 |    22 |    35 ||   182
       Meat ration       |       |       |       |       |     1 |     2 |     2 |     2 |     1 ||     8
       Royal jelly       |       |       |       |       |     1 |    11 |     3 |     5 |     7 ||    27
       Bread ration      |       |       |       |       |       |     2 |     2 |       |       ||     4
       Fruit             |       |       |       |       |       |     2 |     4 |     1 |       ||     7
Armor: Leather armour    |    27 |    18 |       |       |       |       |       |       |       ||    45
       Chain mail        |       |    10 |   103 |   255 |       |    66 |       |       |       ||   434
       Plate armour      |       |       |       |    20 |   766 |   150 |       |       |       ||   936
       Crystal plate arm |       |       |       |       |       |   926 |  1051 |   607 |   434 ||  3018
       Gold dragon scale |       |       |       |       |       |       |       |       |   274 ||   274
Dodge: Dodged            |    67 |    34 |    57 |   164 |   376 |   311 |   439 |   727 |  2088 ||  4263
       Deflected         |       |       |       |       |    17 |   104 |    26 |   104 |    79 ||   330
Block: Buckler           |     4 |    12 |    39 |   303 |   368 |       |       |       |       ||   726
       Other             |       |       |       |       |   300 |   522 |   528 |   429 |   725 ||  2504
       Rpst.: Falchion   |       |     1 |    11 |    17 |       |       |       |       |       ||    29
       Scimitar          |       |       |     5 |    26 |    35 |     4 |       |       |       ||    70
       Great sword       |       |       |       |       |    51 |    48 |    92 |   136 |   301 ||   628
       Triple sword      |       |       |       |       |       |       |       |       |    72 ||    72

Table legend:
 A = Spawn XP
 B = Non-spawn XP
 C = Spawn XP percentage of total XP
 D = Spawn monster count
 E = Non-spawn monster count
 F = Spawn count percentage of total count
 G = Total turns spent on level
                    A         B        C        D         E        F      G
               +---------+---------+-------+---------+---------+-------+---------
         Total |   51677 | 1722269 |   2.9 |      78 |    2751 |   2.8 | 87997
               +---------+---------+-------+---------+---------+-------+---------
           D:1 |       0 |      48 |   0.0 |       0 |      28 |   0.0 |   880
           D:2 |       0 |      62 |   0.0 |       0 |      18 |   0.0 |   994
           D:3 |       0 |      69 |   0.0 |       0 |      12 |   0.0 |   998
           D:4 |       0 |     368 |   0.0 |       0 |      11 |   0.0 |   973
           D:5 |       0 |     641 |   0.0 |       0 |      22 |   0.0 |   874
           D:6 |       0 |     324 |   0.0 |       0 |      11 |   0.0 |   739
           D:7 |       0 |    1321 |   0.0 |       0 |      20 |   0.0 |  1218
           D:8 |       0 |    8025 |   0.0 |       0 |      57 |   0.0 |  2375
           D:9 |       0 |    6000 |   0.0 |       0 |      73 |   0.0 |  1893
          D:10 |       0 |    2721 |   0.0 |       0 |      13 |   0.0 |  1022
          D:11 |       0 |    4519 |   0.0 |       0 |      22 |   0.0 |  1212
          D:12 |       0 |    8904 |   0.0 |       0 |      45 |   0.0 |  1855
          D:13 |       0 |    8847 |   0.0 |       0 |      43 |   0.0 |  1115
          D:14 |       0 |   29374 |   0.0 |       0 |      57 |   0.0 |  2571
          D:15 |       0 |   23475 |   0.0 |       0 |      46 |   0.0 |  1388
        Lair:1 |       0 |    3716 |   0.0 |       0 |      17 |   0.0 |  2112
        Lair:2 |       0 |    5866 |   0.0 |       0 |      42 |   0.0 |  1588
        Lair:3 |       0 |    8265 |   0.0 |       0 |      23 |   0.0 |  1624
        Lair:4 |       0 |   17455 |   0.0 |       0 |      63 |   0.0 |  2310
        Lair:5 |       0 |   16826 |   0.0 |       0 |      76 |   0.0 |  2183
        Lair:6 |       0 |   20904 |   0.0 |       0 |      60 |   0.0 |  1309
       Swamp:1 |       0 |   11827 |   0.0 |       0 |      37 |   0.0 |  1229
       Swamp:2 |       0 |    8141 |   0.0 |       0 |      21 |   0.0 |  1097
       Swamp:3 |       0 |   28846 |   0.0 |       0 |      63 |   0.0 |  2136
       Swamp:4 |       0 |   24241 |   0.0 |       0 |      34 |   0.0 |  1223
       Snake:1 |       0 |   16768 |   0.0 |       0 |      26 |   0.0 |  1601
       Snake:2 |       0 |   27019 |   0.0 |       0 |      54 |   0.0 |  1839
       Snake:3 |       0 |   27519 |   0.0 |       0 |      31 |   0.0 |  2249
       Snake:4 |       0 |   56258 |   0.0 |       0 |     101 |   0.0 |  2733
       Slime:1 |       0 |    4364 |   0.0 |       0 |       5 |   0.0 |    39
       Slime:3 |       0 |    7622 |   0.0 |       0 |      18 |   0.0 |   271
       Slime:4 |       0 |   13705 |   0.0 |       0 |      22 |   0.0 |   283
       Slime:5 |       0 |   36655 |   0.0 |       0 |      27 |   0.0 |   388
         Orc:1 |       0 |    6830 |   0.0 |       0 |      64 |   0.0 |  1298
         Orc:2 |       0 |    9625 |   0.0 |       0 |      59 |   0.0 |  1647
         Elf:1 |       0 |   22446 |   0.0 |       0 |      45 |   0.0 |  1519
         Elf:2 |       0 |   59239 |   0.0 |       0 |      91 |   0.0 |  2299
         Elf:3 |       0 |   63041 |   0.0 |       0 |      61 |   0.0 |  1592
      Vaults:1 |       0 |   23570 |   0.0 |       0 |      46 |   0.0 |  2163
      Vaults:2 |       0 |   38651 |   0.0 |       0 |      56 |   0.0 |  4282
      Vaults:3 |       0 |   82671 |   0.0 |       0 |     107 |   0.0 |  2917
      Vaults:4 |       0 |  195434 |   0.0 |       0 |     176 |   0.0 |  2763
      Vaults:5 |       0 |   65227 |   0.0 |       0 |      68 |   0.0 |  1234
       Crypt:1 |       0 |   43341 |   0.0 |       0 |      56 |   0.0 |  3014
       Crypt:2 |       0 |   19794 |   0.0 |       0 |      34 |   0.0 |  1310
       Crypt:3 |       0 |   81932 |   0.0 |       0 |     103 |   0.0 |  2145
      Depths:1 |       0 |   92510 |   0.0 |       0 |      99 |   0.0 |  2257
      Depths:2 |       0 |   85003 |   0.0 |       0 |      75 |   0.0 |  1778
      Depths:3 |       0 |   81054 |   0.0 |       0 |      74 |   0.0 |  1851
      Depths:4 |       0 |   86435 |   0.0 |       0 |      85 |   0.0 |  1411
      Depths:5 |       0 |   76422 |   0.0 |       0 |      62 |   0.0 |  1686
         Zot:1 |       0 |   50364 |   0.0 |       0 |      29 |   0.0 |   877
         Zot:2 |       0 |   90933 |   0.0 |       0 |      58 |   0.0 |   460
       Abyss:3 |   29147 |    1227 |  96.0 |      43 |       3 |  93.5 |   386
       Abyss:5 |   22530 |    4757 |  82.6 |      35 |      29 |  54.7 |   274
       Ossuary |       0 |     846 |   0.0 |       0 |      36 |   0.0 |   364
         IceCv |       0 |    9005 |   0.0 |       0 |      36 |   0.0 |  1746
        WizLab |       0 |    1217 |   0.0 |       0 |       1 |   0.0 |   307
               +---------+---------+-------+---------+---------+-------+---------

Table legend:
 A = Turns spent in this place as a percentage of turns spent in the entire game.
 B = Non-inter-level travel turns spent in this place as a percentage of non-inter-level travel turns spent in the entire game.
 C = Inter-level travel turns spent in this place as a percentage of turns spent in this place.
 D = Turns resting spent in this place as a percentage of non-inter-level travel turns spent in this place.
 E = Turns spent auto-exploring this place as a percentage of non-inter-level travel turns spent in this place.
 F = Non-inter-level travel turns spent in this place divided by the number of levels of this place that you've seen.
                   A       B       C       D       E      F
               +-------+-------+-------+-------+-------+----------------------
         Total | 100.0 | 100.0 |  11.6 |  28.7 |  31.8 | 1296.2
       Dungeon |  22.8 |  20.9 |  19.1 |  22.6 |  44.8 | 1084.4
        Temple |   0.1 |   0.1 |  26.8 |   0.0 |  63.3 |  60.0
          Lair |  12.6 |  12.3 |  13.9 |  31.8 |  30.7 | 1596.7
         Swamp |   6.5 |   6.7 |   8.7 |  38.7 |  31.1 | 1298.2
     Snake Pit |   9.6 |  10.3 |   4.7 |  36.8 |  29.9 | 2006.5
    Slime Pits |   1.1 |   1.2 |   7.3 |  24.5 |  17.1 | 184.4
  Orcish Mines |   3.3 |   3.4 |   9.5 |  40.8 |  23.7 | 1332.0
   Elven Halls |   6.1 |   6.4 |   8.4 |  22.1 |  39.5 | 1652.7
        Vaults |  15.2 |  15.0 |  12.4 |  30.2 |  21.8 | 2340.2
         Crypt |   7.4 |   7.7 |   7.9 |  42.0 |  21.4 | 1987.0
        Depths |  10.2 |  10.4 |  10.3 |  13.1 |  38.5 | 1611.0
           Zot |   1.5 |   1.7 |   2.1 |   5.6 |  41.2 | 654.5
         Abyss |   0.8 |   0.8 |   0.0 |  28.0 |   0.0 | 330.0
       Ossuary |   0.4 |   0.5 |   0.0 |   0.8 |   7.1 | 364.0
      Ice Cave |   2.0 |   2.2 |   0.0 |  51.8 |   6.5 | 1746.0
        Wizlab |   0.3 |   0.4 |   0.0 |   0.0 |  32.2 | 307.0
               +-------+-------+-------+-------+-------+----------------------

Vault maps used:
D:1:      lemuel_arrival_river_ford, minmay_misc_feat_five,
          kennysheep_minor_cross, minmay_unequal
D:2:      serial_forest, infiniplex_forest_clump_small, infiniplex_forest_split,
          infiniplex_forest_zigzag_1, infiniplex_forest_clump_medium,
          infiniplex_forest_lined_2, infiniplex_forest_clump_curved,
          infiniplex_forest_diagonal
D:4:      kennysheep_mini, doesnt_xom_only_xom, uniq_blork_the_orc
D:5:      serial_shops, nicolae_shop_overgrown_old_shop, first_bread,
          nicolae_tso_swordbearing_angel
D:6:      serial_shops, shop
D:7:      temple_pool_b, serial_shops, shop
D:8:      minmay_lair_entry_grove, serial_shops, shop, enter_ossuary_1
D:9:      erik_orc_2, hangedman_little_slice_of_home,
          nicolae_ashenzari_panopticon, uniq_pikel
D:10:     kennysheep_generic_room_5
D:11:     basic_altar
D:12:     minmay_misc_feat_encased, minivault_26, uniq_maurice
D:13:     minmay_twisted_water
D:14:     minmay_the_grid_square_5x5_3x3, david_vaults_2, grunt_decor_fettered,
          uniq_roxanne, uniq_frances, uniq_rupert
D:15:     grunt_enter_depths_hoard, basic_altar
Temple:   dpeg_three_leaves_temple
Lair:1:   beast_lair_carwin_large_2, basic_altar, infiniplex_staircase_pool_2
Lair:2:   minmay_snake_entry_six_corridors, portal_ice_cave_entry_ice_beasts,
          grunt_megastairs_3
Lair:3:   minmay_swamp_entry_reptiles
Lair:4:   minmay_lair_oklob_tunnel, serial_bayou_shore_a
Lair:5:   hangedman_what_comes_after_a, minmay_slime_entry_jelly_boxes,
          uniq_kirke
Lair:6:   evil_forest
Swamp:1:  hangedman_swamp_ruin_wall
Swamp:2:  hangedman_swamp_diagram
Swamp:3:  serial_swamp_ruin, evilmike_swamp_ruin_house_5,
          evilmike_swamp_ruin_house_6
Swamp:4:  swamp_old_school, uniq_jorgrun, uniq_louise
Snake:1:  special_room, spider_trap
Snake:2:  nicolae_snake_hallway, lemuel_fruit_tree, minmay_shop_star
Snake:3:  basic_altar, uniq_aizul
Snake:4:  grunt_snake_rune_spirals
Orc:1:    uniq_harold
Orc:2:    grunt_orc_tribal_feast, lightli_orcish_oven
Elf:1:    eino_elf_arrival_sip, orc_legates, chequers_big_river
Elf:2:    serial_shops, shop, serial_aquarium, aquarium_bridge_square,
          aquarium_bridge_square, aquarium_window_fake, aquarium_window_fake,
          aquarium_view_2d, aquarium_view_2d, aquarium_balcony_1a,
          aquarium_pool_S, minivault_28, uniq_nikola
Elf:3:    grunt_elf_hall_spiral, serial_shops, shop
Vaults:1: hangedman_vaults_stretched_pinwheel, vaults_room_stairs_pillars,
          vaults_room_ringed_pool, nicolae_vaults_what_the_h,
          hangedman_vaults_stagger, grunt_vaults_diagonal, v_pattern_3,
          nicolae_vaults_little_squares_1, vaults_dpeg_diagonal,
          vaults_mumra_chevron_long, grunt_vaults_hallway_short, serial_shops,
          shop, nicolae_shop_statue_plus, nicolae_shop_trees
Vaults:2: minmay_crypt_entry_skeletal_spiral, nicolae_vaults_angled_halls,
          grunt_vaults_hallway_long, nicolae_vaults_big_angled_halls,
          nicolae_vaults_little_squares_6, ontoclasm_vaults_decontamination,
          nicolae_vaults_little_squares_3
Vaults:3: hangedman_vaults_variations, v_misc_29, vaults_room_large_hall,
          v_misc_29, vaults_dpeg_cross, st_greater_box_5, v_alt_pattern_3,
          vaults_room_door_hall, nicolae_vaults_yaktaur_gun_rack,
          vaults_room_boxed, ontoclasm_vaults_misaligned, serial_shops,
          nicolae_shop_window_shopping, uniq_asterion
Vaults:4: nicolae_vaults_little_squares_1, vaults_room_fancy_cross,
          nicolae_vaults_big_ls, nicolae_vaults_network_barrier,
          nicolae_vaults_diagonal_hallway_7, v_misc_14,
          nicolae_vaults_little_squares_2, vaults_dpeg_doors,
          nicolae_vaults_alarming, hangedman_vaults_corner_blocks,
          nicolae_vaults_mini_display_case, nicolae_vaults_statue_guard,
          serial_shops, shop
Vaults:5: uniq_saint_roka
Crypt:1:  st_vampire_maze
Crypt:3:  church_of_pain_bobbens, nicolae_tomb_entry_grand_gallery,
          mu_enter_wizlab_5
Depths:1: gammafunk_dig_for_victory, enter_ziggurat_c, hex_tiny, pan_entry,
          hell_entry, spider_trap, lemuel_flamethrower_3, minmay_shop_grove
Depths:2: grunt_x_marks_the_spot, lightli_too_deep, abyss_entry,
          nrook_mini_vaults, hangedman_decor_diamond_cutter,
          kennysheep_generic_room_4, infiniplex_staircase_hallway_doors,
          uniq_sojobo
Depths:3: minmay_isolated_rectangles_in_corner, pf_hell_entry_tar_spiral,
          rand_demon_pan_entry_7, serial_shops, shop,
          roderic_lattice_octagonal_star, uniq_enchantress, uniq_xtahua,
          uniq_mennas
Depths:4: kennysheep_gozag_temple, abyss_entry, hell_entry,
          infiniplex_staircase_door_maze
Depths:5: regret_index_qazlal_generations, serial_bayou_shore_b,
          abyss_entry_crystal, hell_entry, serial_bayou_shore_b,
          minmay_shoptagon, basic_stair_grate_trap, serial_bayou_shore_b
Zot:2:    cheibrodos_zot_enchanting_chambers, hangedman_zot_decor_tridents
Abyss:3:  nicolae_abyss_rune_star_stuff, evilmike_abyss_exit_12
Abyss:5:  evilmike_abyss_exit_4, hangedman_decor_peaks_small,
          evilmike_abyss_rune_siren_acolytes, evilmike_abyss_exit_chaos,
          patterned_corridor
Ossuary:  ossuary_zaba_flooded
IceCv:    ice_cave_small_giant
WizLab:   wizlab_wucad
